AoeStats
← Paulinho19

Black Forest

503373378Analyzed
4v4 RM · 1mo ago on Aug 31, 2026· 42m 30s· 8 players
Game mode
Random Map
Map size
Large (8 player)
Population
200
Speed
Normal
Resources
Standard
Victory
Conquest
Starting age
Dark Age
Ending age
Imperial Age
RankedLock teamsTeams togetherTeam positionsShared explorationLock speedFull tech treeHidden civsTurbo modeCheats
Victory
Defeat
🇨🇭 Maya · Switzerland
1031
+11
🇧🇷 Khmer · Brazil
909
+16
🇩🇪 Armenians · Germany
894
+17
🇬🇧 Bohemians · United Kingdom
858
+19
🇵🇱 Teutons · Poland
924
-16
🇷🇴 Armenians · Romania
923
-16
🇩🇪 Turks · Germany
921
-16
🇪🇸 Ethiopians · Spain
899
-15
nigel
1:26 Loom
10:39 Feudal Age
11:30 Double-Bit Axe
17:55 Fletching
21:24 Castle Age
20:49 Padded Archer Armor
22:38 Bow Saw
23:19 Wheelbarrow
22:30 Horse Collar
22:44 Gold Mining
27:21 Hand Cart
30:44 Imperial Age
28:42 Heavy Plow
29:07 Leather Archer Armor
30:52 Gold Shaft Mining
30:39 Stone Mining
31:40 Husbandry
31:50 Bloodlines
33:03 Conscription
34:12 Artillery
34:34 Scale Barding Armor
35:04 Ring Archer Armor
36:18 Town Watch
37:08 Caravan
37:17 Capped Ram
_fizyk
14:24 Feudal Age
18:26 Castle Age
18:59 Horse Collar
26:41 Gold Mining
26:38 Double-Bit Axe
26:49 Fletching
29:06 Loom
29:50 Stone Mining
30:48 Bodkin Arrow
31:32 Redemption
32:54 Bow Saw
33:13 Heavy Plow
34:48 Fortified Wall
39:54 Imperial Age
sergiogo032
1:55 Loom
11:27 Feudal Age
12:39 Gold Mining
12:39 Double-Bit Axe
13:59 Horse Collar
14:44 Stone Mining
15:47 Wheelbarrow
15:55 Wheelbarrow
18:54 Fletching
19:04 Padded Archer Armor
19:12 Town Watch
28:13 Castle Age
28:33 Crossbowman
29:20 Thumb Ring
Paulinho19
0:29 Loom
13:08 Feudal Age
14:06 Horse Collar
14:14 Double-Bit Axe
18:10 Castle Age
17:11 Gold Mining
19:00 Heavy Plow
19:13 Bow Saw
24:05 Elite Skirmisher
28:30 Wheelbarrow
27:40 Town Watch
30:17 Hand Cart
30:03 Town Patrol
31:24 Bloodlines
31:15 Husbandry
32:23 Scale Barding Armor
33:54 Light Cavalry
35:20 Gold Shaft Mining
34:39 Stone Mining
38:17 Fervor
40:41 Imperial Age
39:48 Ballistics
40:33 Sanctity
40:14 Devotion
40:14 Murder Holes
40:30 Masonry
40:31 Fortified Wall
40:22 Crossbowman
lnvis
5:51 Loom
12:13 Feudal Age
13:31 Horse Collar
14:00 Scale Mail Armor
14:58 Man-at-Arms
16:01 Forging
15:42 Long Swordsman
17:18 Arson
19:01 Wheelbarrow
18:16 Double-Bit Axe
19:50 Gold Mining
23:30 Castle Age
24:24 Heavy Plow
24:46 Chain Mail Armor
25:06 Iron Casting
24:06 Two-Handed Swordsman
24:31 Gambesons
24:47 Squires
28:12 Bow Saw
28:39 Gold Shaft Mining
31:25 Champion
35:49 Imperial Age
37:10 Plate Mail Armor
37:40 Blast Furnace
37:44 Fereters
37:59 Conscription
37:27 Onager
tzashone
12:30 Feudal Age
13:39 Loom
18:36 Castle Age
19:48 Double-Bit Axe
19:45 Horse Collar
20:46 Fletching
21:08 Forging
23:52 Bow Saw
26:40 Wheelbarrow
26:19 Heavy Plow
27:16 Ballistics
28:09 Chemistry
31:29 Hand Cart
34:07 Imperial Age
32:07 Bodkin Arrow
32:13 Padded Archer Armor
32:20 Squires
32:34 Town Watch
33:40 Wagenburg Tactics
33:31 Pikeman
33:58 Arson
35:51 Bracer
35:51 Padded Archer Armor
35:53 Scale Mail Armor
36:03 Forging
37:24 Halberdier
40:06 Town Patrol
40:21 Houfnice
Repl4y
0:27 Loom
11:53 Feudal Age
14:35 Double-Bit Axe
16:14 Fletching
18:03 Horse Collar
18:55 Padded Archer Armor
24:56 Castle Age
24:09 Gold Mining
25:08 Crossbowman
25:47 Bodkin Arrow
26:37 Bow Saw
27:43 Ballistics
40:15 Imperial Age
Tripolar
11:36 Feudal Age
10:28 Loom
14:25 Castle Age
12:18 Double-Bit Axe
12:35 Horse Collar
13:42 Loom
21:51 Bow Saw
21:58 Heavy Plow
24:25 Gold Mining
26:01 Gold Shaft Mining
25:19 Stone Mining
29:45 Imperial Age
29:31 Wheelbarrow
30:34 Stone Shaft Mining
30:12 Scale Barding Armor
30:18 Forging
30:15 Elite Ballista Elephant
31:15 Conscription
31:31 Hoardings
30:59 Tusk Swords
30:59 Double Crossbow
31:02 Fletching
31:13 Padded Archer Armor
31:20 Husbandry
31:30 Bloodlines
33:03 Bodkin Arrow
33:23 Leather Archer Armor
33:34 Hand Cart
33:52 Crop Rotation
34:04 Ballistics
34:46 Chemistry
33:57 Masonry
33:42 Murder Holes
33:57 Fortified Wall
34:41 Bracer
35:11 Ring Archer Armor
34:52 Forging
35:02 Chain Barding Armor
35:42 Town Watch
36:49 Town Patrol
Connection lost

Rejoining the realm…

Still unreachable

The connection could not be restored.

Session expired

The server has moved on; the page needs a fresh start.